 Dungeon Crawl Stone Soup version 0.19-a0-518-g626ee58 (webtiles) character file.

12 GlassEater the Conjurer (level 2, 0/22 HPs)
             Began as a Naga Conjurer on June 7, 2016.
             Slain by a giant cockroach (2 damage)
             ... on level 1 of the Dungeon.
             The game lasted 00:01:41 (678 turns).

GlassEater the Conjurer (Naga Conjurer)              Turns: 678, Time: 00:01:41

Health: 0/22       AC:  1    Str: 10    XL:     2   Next: 33%
Magic:  0/5        EV: 10    Int: 15    God:
Gold:   15         SH:  0    Dex: 11    Spells: 2 memorised, 2 levels left

rFire  . . .     SeeInvis +     h - +0 dagger
rCold  . . .     Gourm    .     a - +0 robe
rNeg   . . .     Faith    .     (no shield)
rPois  +         Spirit   .     (no helmet)
rElec  .         Dismiss  .     (no cloak)
rCorr  .         Reflect  .     (no gloves)
SustAt .         Harm     .     (no barding)
MR     .....                    (no amulet)
Stlth  ++........               (no ring)
                                (no ring)

@: very slightly contaminated, very slow, not resistant to hostile enchantments,
unstealthy
A: see invisible, deformed body, poison resistance, slowness 2, slow metabolism
1, spit poison 2, AC +0
a: Spit Poison


You were on level 1 of the Dungeon.
You were not hungry.

You visited 1 branch of the dungeon, and saw 1 of its levels.

You collected 15 gold pieces.

Inventory:

Hand Weapons
 h - a +0 dagger (weapon)
Armour
 a - a +0 robe (worn)
Scrolls
 d - a scroll of blinking {unknown}
 e - a scroll of remove curse {unknown}
 i - a scroll of teleportation {unknown}
Potions
 f - a potion of agility {unknown}
 g - 2 potions of heal wounds {unknown}
Books
 b - a book of Conjurations

   Spells                             Type                      Level
   a - Magic Dart                     Conjuration                  1
   b - Searing Ray                    Conjuration                  2
   c - Dazzling Spray                 Conjuration/Hexes            3
   d - Fulminant Prism                Conjuration/Hexes            4
   e - Iskenderun's Mystic Blast      Conjuration                  4
   f - Iskenderun's Battlesphere      Conjuration/Charms           5
Comestibles
 c - a bread ration
 j - 2 chunks of flesh


   Skills:
 + Level 1.7 Dodging
 + Level 3.3 Stealth
 + Level 2.1 Spellcasting
 + Level 4.2 Conjurations


You had 2 spell levels left.
You knew the following spells:

 Your Spells              Type           Power        Failure   Level  Hunger
a - Magic Dart            Conj           ##..         4%          1    #......
b - Searing Ray           Conj           ##....       8%          2    ###....


Dungeon Overview and Level Annotations

Branches:
Dungeon (1/15)

Altars:


Innate Abilities, Weirdness & Mutations

You cannot wear boots.
Your serpentine skin is tough. (AC +0)
You have supernaturally acute eyesight. (SInv)
Armour fits poorly on your strangely shaped body.
Your system is resistant to poisons. (rPois)
You cover ground very slowly.
You have a slow metabolism.
You can spit poison.


Message History

Unknown command.
You hit the rat.
You kill the rat!
The bat barely misses you.
You hit the bat but do no damage. The bat hits you.
* * * LOW HITPOINT WARNING * * *
The bat barely misses you.
The giant cockroach waves its antennae.
You hit the giant cockroach but do no damage.
The bat hits you but does no damage. The giant cockroach bites you.
* * * LOW HITPOINT WARNING * * *
The bat closely misses you. The giant cockroach bites you.
* * * LOW HITPOINT WARNING * * *
You hit the giant cockroach but do no damage.
The bat hits you but does no damage. The giant cockroach bites you.
* * * LOW HITPOINT WARNING * * *
You hit the giant cockroach.
The giant cockroach is moderately wounded.
The bat misses you. The giant cockroach bites you.
You die...

#...(......# #.
#........$.# #.
#..........# #.
#...$......# #.
#.....$....# #####.
#.....>....#######.....
#.# #.##..........
#b###.##.##.......
#@s...##.##.......
#.....##.##.......
#.....##.##.......
#.....##.##.......
#.................
#(....##.###......
#.....##.# ..
#......... #......####


You could see a giant cockroach and a bat.

Vanquished Creatures
  A giant gecko (D:1)
  2 bats (D:1)
  A goblin (D:1)
  A hobgoblin (D:1)
  2 kobolds (D:1)
  A giant newt (D:1)
  3 rats (D:1)
11 creatures vanquished.

Notes
Turn   | Place    | Note
--------------------------------------------------------------
     0 | D:1      | GlassEater the Naga Conjurer began the quest for the Orb.
     0 | D:1      | Reached XP level 1. HP: 15/15 MP: 3/3
   506 | D:1      | Reached XP level 2. HP: 22/22 MP: 1/5
   510 | D:1      | Learned a level 2 spell: Searing Ray
   677 | D:1      | HP: 1/22 [giant cockroach (1)]
   678 | D:1      | Slain by a giant cockroach

Vault maps used:
D:1:      matt_arrival_refuge, minmay_statues_item, nrook_loot_triangle

Action                   || total
-------------------------++-------
Melee: Unarmed           ||    14
       Dagger            ||    14
 Cast: Magic Dart        ||    15
       Searing Ray       ||     1
Armor: Robe              ||    13
Dodge: Dodged            ||    36
